 Dungeon Crawl Stone Soup version 0.20-a0-1127-g1289703 (webtiles) character file.

6706 Potsanchik the Thaumaturge (level 10, -3/63 HPs)
             Began as a Mummy Fire Elementalist on May 18, 2017.
             Was a Follower of Vehumet.
             Slain by a hell hound (7 damage)
             ... on level 10 of the Dungeon.
             The game lasted 00:26:09 (12568 turns).

Potsanchik the Thaumaturge (MuFE)                  Turns: 12568, Time: 00:26:10

Health: -3/63      AC: 10    Str: 12    XL:     10   Next: 74%
Magic:  25/25      EV: 16    Int: 17    God:    Vehumet [*.....]
Gold:   228        SH:  0    Dex: 13    Spells: 18/32 levels left

rFire    . . .     SeeInvis .   b - +2 quarterstaff (chaos)
rCold    + + .     Gourm    .   (shield currently unavailable)
rNeg     + + +     Faith    .   t - +2 robe {rC+}
rPois    ∞         Spirit   .   y - +1 hat
rElec    .         Reflect  .   n - +2 cloak {MR+}
rCorr    .         Harm     .   r - +0 pair of gloves
MR       ++...                  l - +0 pair of boots
Stlth    ++........             u - amulet of regeneration
Regen    0.6/turn               G - ring of protection from fire
MPRegen  0.2/turn               D - +4 ring of evasion

@: about to teleport
A: no food or potions, fire vulnerability, cold resistance 1, negative energy
resistance 3, torment resistance, unbreathing
a: Renounce Religion


You were on level 10 of the Dungeon.
You worshipped Vehumet.
Vehumet was aware of your devotion.
You were not hungry.

You visited 2 branches of the dungeon, and saw 11 of its levels.
You also visited: Ossuary.

You collected 422 gold pieces.
You spent 194 gold pieces at shops.

Inventory:

Hand Weapons
 a - a +0 short sword of venom
 b - a +2 quarterstaff of chaos (weapon)
 Q - a +1 dagger of chaos
Armour
 h - a +0 helmet
 l - a +0 pair of boots (worn)
 n - a +2 cloak of magic resistance (worn)
 r - a +0 pair of gloves (worn)
 t - a +2 robe of cold resistance (worn)
 y - a +1 hat (worn)
Jewellery
 u - an amulet of regeneration (around neck)
 x - the amulet "Ceejucirr" {+Rage rC+ Str+4 Int+2}
   (You found it on level 5 of the Dungeon)

   [amulet of rage]

   It affects your strength (+4).
   It affects your intelligence (+2).
   It protects you from cold.
   It lets you go berserk.
 D - a +4 ring of evasion (right hand)
 F - an uncursed ring of see invisible
 G - a ring of protection from fire (left hand)
 I - an uncursed ring of wizardry
Wands
 i - a wand of acid (9/15)
 w - a wand of digging (11/24)
 z - a wand of paralysis (9/24)
 B - a wand of disintegration (6/24)
 K - a wand of lightning (3/15)
 L - a wand of iceblast (5/15)
 O - a wand of lightning (1/15)
 P - a wand of confusion (22/48)
Scrolls
 c - 2 scrolls of fog
 d - 2 scrolls of immolation
 e - 2 scrolls of blinking
 f - 3 scrolls of teleportation
 g - 6 scrolls of remove curse
 j - 3 scrolls of recharging {unknown}
 k - 3 scrolls of enchant weapon {unknown}
 o - 12 scrolls of identify
 p - 2 scrolls of enchant armour {unknown}
 s - a scroll of holy word {unknown}
 C - 2 scrolls of random uselessness {unknown}
 E - 2 scrolls of magic mapping {unknown}
 H - a scroll of brand weapon {unknown}
 J - a scroll of noise {unknown}
 M - a scroll of amnesia {unknown}
Books
 m - a book of Flames

   Spells                             Type                      Level
   a - Flame Tongue                   Conjuration/Fire             1
   b - Throw Flame                    Conjuration/Fire             2
   c - Conjure Flame                  Conjuration/Fire             3
   d - Inner Flame                    Hexes/Fire                   3
   e - Sticky Flame                   Conjuration/Fire             4
   f - Fireball                       Conjuration/Fire             5
 q - a book of Necromancy

   Spells                             Type                      Level
   a - Pain                           Necromancy                   1
   b - Animate Skeleton               Necromancy                   1
   c - Vampiric Draining              Necromancy                   3
   d - Regeneration                   Charms/Necromancy            3
   e - Animate Dead                   Necromancy                   4
   f - Control Undead                 Necromancy                   4
 A - a book of Battle

   Spells                             Type                      Level
   a - Infusion                       Charms                       1
   b - Shroud of Golubria             Charms/Translocation         2
   c - Song of Slaying                Charms                       2
   d - Spectral Weapon                Hexes/Charms                 3
   e - Regeneration                   Charms/Necromancy            3
Miscellaneous
 N - a box of beasts


   Skills:
 - Level 1.5 Dodging
 - Level 1.5 Stealth
 + Level 11.5 Spellcasting
 + Level 8.0 Conjurations
 + Level 8.5 Fire Magic


You had 18 spell levels left.
You knew the following spells:

 Your Spells              Type           Power        Failure   Level  Hunger
a - Flame Tongue          Conj/Fire      #####        1%          1    N/A
b - Conjure Flame         Conj/Fire      #####...     1%          3    N/A
c - Sticky Flame          Conj/Fire      #####...     2%          4    N/A
d - Fireball              Conj/Fire      #####.....   7%          5    N/A
l - Animate Skeleton      Necr           N/A          8%          1    N/A

Dungeon Overview and Level Annotations

Branches:
Dungeon (10/15)            Temple (1/1) D:7            Lair (0/6) D:10
    Orc: D:9-12

Altars:
Ashenzari
Cheibriados
Dithmenos
Elyvilon
Fedhas
Gozag
Hepliaklqana
Kikubaaqudgha
Makhleb
Nemelex Xobeh
Okawaru
Qazlal
Ru
Sif Muna
Trog
Uskayaw
Vehumet
Wu Jian
Xom
Yredelemnul
Zin
The Shining One

Shops:
D:5 ?

Annotations:
D:10 2 exclusions, Urug


Innate Abilities, Weirdness & Mutations

You do not eat or drink.
Your flesh is vulnerable to fire.
You are immune to poison.
Your flesh is cold resistant. (rC+)
You are immune to negative energy. (rN+++)
You are immune to unholy pain and torment.
You can survive without breathing.


Message History

The hell hound bites you.
* * * LOW HITPOINT WARNING * * *
The hell hound misses you.
You miss the hell hound.
The hell hound is moderately wounded.
The hell hound bites you!
* * * LOW HITPOINT WARNING * * *
The hell hound bites you but does no damage. x2
As you read the scroll of fear, it crumbles to dust.
You assume a fearsome visage.
The hell hound is unaffected.
The hell hound stops to sniff the ground.
The hell hound completely misses you.
The hell hound bites you but does no damage.
The hell hound bites you.
* * * LOW HITPOINT WARNING * * *
As you read the scroll labeled NOASAW MAGOWAIPRO, it crumbles to dust.
You feel strangely unstable.
It was a scroll of teleportation.
The hell hound misses you. The hell hound closely misses you.
The hell hound bites you!
You die...

..# ..#...
#.#...###
#.#.....#####
#.#.........#
#.#.........####
#.#...§§§§§§....
#<#...§§§§§§..#
##.#...§§h@§§..#
+..#...§#####..#
#..#....#
#.h#....#
#........
#..§≈≈≈..
..§§≈≈≈§§.
..§§§.§§§.
..≈§§§.≈§..


You could see a hell hound.

Vanquished Creatures
  Erica (D:9)
  2 two-headed ogres (D:9)
  Psyche (D:9)
  Prince Ribbit (D:9)
  A hippogriff (D:7)
  Sigmund (D:5)
  Duvessa (D:5)
  A sky beast (D:7)
  An ice beast (D:5)
  2 phantoms (D:6)
  3 black bears
  2 necrophages
  4 ogres
  6 centaurs
  Blork the orc (D:7)
  3 bullfrogs
  2 water moccasin zombies (Ossuary)
  Dowan (D:5)
  3 scorpions
  A howler monkey (D:7)
  4 crimson imps
  A centaur zombie (D:6)
  3 jellies
  Crazy Yiuf (D:2)
  A bullfrog zombie (D:6)
  3 orc priests
  5 hounds
  3 iguanas
  5 orc wizards
  Natasha (twice) (D:2)
  3 worker ants
  2 killer bee zombies (D:7)
  8 big kobold zombies (Ossuary)
  2 mummies (Ossuary)
  Robin (D:2)
  3 gnolls
  9 adders
  An ooze (D:4)
  3 adder zombies
  An adder skeleton (D:4)
  4 worms
  3 dart slugs
  2 leopard geckos
  25 orcs
  7 giant cockroaches
  5 gnoll zombies (Ossuary)
  16 goblins
  9 hobgoblins
  8 jackals
  5 quokkas
  3 ball pythons
  4 bats
  3 frilled lizards
  5 hobgoblin zombies (Ossuary)
  9 kobolds
  7 kobold zombies (Ossuary)
  8 orc zombies (Ossuary)
  A quokka skeleton (D:5)
  8 rats
231 creatures vanquished.

Vanquished Creatures (collateral kills)
  A water moccasin (D:8)
  An orc warrior (D:8)
  A phantom (D:9)
  An orc wizard (D:7)
  A gnoll (D:4)
  An orc (D:5)
  A giant cockroach (D:8)
7 creatures vanquished.

Grand Total: 238 creatures vanquished

Notes
Turn   | Place    | Note
-------+----------+-------------------------------------------
     0 | D:1      | Potsanchik the Mummy Fire Elementalist began the quest for the Orb.
     0 | D:1      | Reached XP level 1. HP: 13/13 MP: 4/4
   210 | D:1      | Reached skill level 1 in Conjurations
  1006 | D:1      | Reached XP level 2. HP: 19/19 MP: 2/5
  1050 | D:1      | Reached skill level 3 in Spellcasting
  1231 | D:2      | Noticed Robin
  1371 | D:1      | Reached XP level 3. HP: 14/24 MP: 2/7
  1559 | D:2      | Killed Robin
  1961 | D:2      | Found a sparkling altar of Nemelex Xobeh.
  1961 | D:2      | Found a blossoming altar of Fedhas.
  1987 | D:2      | Reached XP level 4. HP: 30/30 MP: 7/9
  1995 | D:2      | Learned a level 3 spell: Conjure Flame
  2000 | D:2      | Learned a level 4 spell: Sticky Flame
  2109 | D:2      | Found a shattered altar of Ashenzari.
  2765 | D:2      | Reached skill level 4 in Spellcasting
  2773 | D:2      | Found a runed door.
  2807 | D:2      | Noticed Natasha
  2814 | D:2      | Killed Natasha
  2913 | D:2      | Reached XP level 5. HP: 22/35 MP: 0/11
  2914 | D:2      | Found an iron altar of Okawaru.
  3052 | D:2      | Noticed Crazy Yiuf
  3070 | D:2      | Killed Crazy Yiuf
  3314 | D:2      | Noticed Natasha
  3323 | D:2      | Killed Natasha
  4530 | D:4      | Noticed an ogre
  4538 | D:4      | Reached XP level 6. HP: 41/41 MP: 5/13
  4542 | D:4      | Reached skill level 5 in Spellcasting
  4627 | D:4      | Learned a level 1 spell: Animate Skeleton
  4934 | D:4      | Reached XP level 7. HP: 39/46 MP: 10/15
  5379 | D:5      | Entered Level 5 of the Dungeon
  5594 | D:5      | Noticed Sigmund
  5847 | D:5      | Killed Sigmund
  5847 | D:5      | Reached skill level 6 in Spellcasting
  6191 | D:5      | Found a shimmering altar of Xom.
  6223 | D:5      | Found Joemiej's Magic Scroll Emporium.
  6226 | D:5      | Found a hazy altar of Hepliaklqana.
  6276 | D:5      | Bought a scroll of fear for 52 gold pieces
  6276 | D:5      | Bought a scroll of blinking for 112 gold pieces
  6276 | D:5      | Bought a scroll of identify for 30 gold pieces
  6293 | D:5      | Noticed Duvessa
  6293 | D:5      | Noticed Dowan
  6299 | D:5      | Killed Dowan
  6299 | D:5      | Reached skill level 5 in Fire Magic
  6305 | D:5      | Killed Duvessa
  6305 | D:5      | Reached XP level 8. HP: 52/52 MP: 2/18
  6460 | D:5      | Reached skill level 7 in Spellcasting
  6474 | D:5      | Got a brightly glowing golden amulet
  6707 | D:6      | Found an ornate altar of the Wu Jian Council.
  6729 | D:6      | Found a sand-covered staircase.
  6736 | Ossuary  | Entered an ossuary
  7359 | Ossuary  | Reached skill level 5 in Conjurations
  7643 | D:6      | Identified the amulet "Ceejucirr" {+Rage rC+ Str+4 Int+2} (You found it on level 5 of the Dungeon)
  7790 | D:6      | Reached skill level 8 in Spellcasting
  7900 | D:6      | Found a burning altar of Makhleb.
  7969 | D:6      | Found a hide-covered altar of Uskayaw.
  7983 | D:6      | Found a bloodstained altar of Trog.
  8289 | D:6      | Reached XP level 9. HP: 44/57 MP: 21/21
  8440 | D:6      | Found an ancient bone altar of Kikubaaqudgha.
  8850 | D:7      | Reached skill level 9 in Spellcasting
  8977 | D:7      | Learned a level 5 spell: Fireball
  8991 | D:7      | Found a staircase to the Ecumenical Temple.
  9026 | Temple   | Entered the Ecumenical Temple
  9218 | Temple   | Became a worshipper of Vehumet
  9303 | D:7      | Noticed Blork the orc
  9317 | D:7      | Killed Blork the orc
  9324 | D:7      | Found a deep blue altar of Sif Muna.
 10230 | D:8      | Reached skill level 10 in Spellcasting
 10405 | D:8      | Reached * piety under Vehumet
 10405 | D:8      | Offered knowledge of Magic Dart by Vehumet.
 10732 | D:8      | Reached XP level 10. HP: 63/63 MP: 14/24
 10897 | D:9      | Noticed Psyche
 10907 | D:9      | Killed Psyche
 11047 | D:9      | Noticed a two-headed ogre
 11065 | D:9      | Killed a two-headed ogre
 11284 | D:9      | Noticed a two-headed ogre
 11296 | D:9      | Killed a two-headed ogre
 11296 | D:9      | Reached skill level 11 in Spellcasting
 11603 | D:9      | Noticed Prince Ribbit
 11609 | D:9      | Killed Prince Ribbit
 11729 | D:9      | Noticed Erica
 11734 | D:9      | Killed Erica
 12157 | D:10     | Entered Level 10 of the Dungeon
 12159 | D:10     | Found a staircase to the Lair.
 12279 | D:10     | Noticed Urug
 12566 | D:10     | HP: 3/63 [hell hound (2)]
 12568 | D:10     | Slain by a hell hound

Vault maps used:
D:1:      erik_arrival_cave_to_civilisation, bh_walls_and_bars
D:2:      evilmike_ruin_ashenzari, okawaru_altar_gauntlet_db,
          gammafunk_temple_overflow_elements, uniq_robin,
          uniq_crazy_yiuf_cottage, uniq_natasha
D:3:      first_bread, serial_bayou, serial_bayou_ford_a, serial_bayou_shore_b,
          serial_bayou_shore_b, serial_bayou_lagoon_a, kennysheep_generic_room_5
D:5:      lemuel_round_altar, kennysheep_mini, serial_shops,
          nicolae_shop_waterfront, uniq_duvessa, uniq_sigmund
D:6:      nicolae_overflow_crystal_walls, old_standard_altar,
          kiku_gazebo_garden_becter, lemuel_crystal_altar,
          eat_drink_and_be_merry_uskayaw, chequers_ossuary_entry_cave,
          minmay_misc_feat_columns, kennysheep_dice
D:7:      tgw_sif, minmay_temple_entry_glassed_door, hex_tiny
D:9:      uniq_erica, uniq_prince_ribbit1, uniq_psyche
D:10:     minmay_lair_entry_lava, orc_0_dummy, uniq_urug, uniq_erolcha
Temple:   dpeg_chambers_temple
Ossuary:  ossuary_tomb_2

Skill      XL: |  1  2  3  4  5  6  7  8  9 10 |
---------------+-------------------------------+-----
Conjurations   | 1 2 3 4 5 6 8 |  8.0
Spellcasting   | 3 4 5 6 8 10 11 | 11.5
Fire Magic     | 3 4 5 6 7 8 |  8.5
Dodging        | |  1.5
Stealth        | |  1.5

Action                   |  1- 3 |  4- 6 |  7- 9 | 10-12 || total
-------------------------+-------+-------+-------+-------++-------
Melee: Spear             |    33 |       |       |       ||    33
       Short sword       |     3 |    19 |   295 |    13 ||   330
       Quarterstaff      |       |       |       |    17 ||    17
 Cast: Flame Tongue      |    60 |   135 |   317 |    48 ||   560
       Conjure Flame     |       |     2 |     5 |     3 ||    10
       Animate Skeleton  |       |     5 |    22 |     5 ||    32
       Sticky Flame      |       |       |    11 |     3 ||    14
       Fireball          |       |       |     1 |    13 ||    14
  Use: Scroll            |       |     2 |       |     3 ||     5
Armor: Robe              |     9 |    14 |   201 |    26 ||   250
Dodge: Dodged            |    48 |    44 |   333 |    60 ||   485
